 Dungeon Crawl Stone Soup version 0.27.0-1-g7a089689b8 (console) character file.

Game seed: 12948160050986239130

439 jejorda2 the Firebug (level 7, -2/41 HPs)
             Began as a Kobold Fire Elementalist on Aug 1, 2021.
             Slain by a gnoll (6 damage)
             ... on level 5 of the Dungeon.
             The game lasted 00:16:56 (6486 turns).

jejorda2 the Firebug (Kobold Fire Elementalist)     Turns: 6486, Time: 00:16:57

Health: -2/41      AC:  3    Str:  6    XL:     7   Next: 22%
Magic:  1/11       EV: 15    Int: 17    God:
Gold:   162        SH:  0    Dex: 22    Spells: 7/12 levels left

rFire    + . .     SeeInvis .   a - staff of fire
rCold    + . .     Faith    .   (shield currently unavailable)
rNeg     . . .     Spirit   .   e - +1 robe {rC+}
rPois    .         Reflect  .   (no helmet)
rElec    .         Harm     .   k - scarf {repulsion}
rCorr    .         Rampage  .   (no gloves)
Will     .....                  (no boots)
Stlth    ++++......             (no amulet)
HPRegen  0.13/turn              m - +6 ring of dexterity
MPRegen  0.12/turn              (no ring)

@: repel missiles
A: small, no large weapons, nightstalker 3
a: no special abilities


You were on level 5 of the Dungeon.
You visited 1 branch of the dungeon, and saw 5 of its levels.

You collected 162 gold pieces.

Inventory:

Hand Weapons
 b - a +2 antimagic dagger
 g - a +0 dagger
 o - a +0 flail
 r - a +0 short sword
Missiles
 d - 13 poisoned darts (quivered)
Armour
 e - a +1 robe of cold resistance (worn)
 k - a scarf of repulsion (worn)
Magical Staves
 a - a staff of fire (weapon)
Jewellery
 m - a +6 ring of dexterity (left hand)
Wands
 x - a wand of iceblast (9)
Scrolls
 c - a scroll of acquirement {unknown}
 f - 4 scrolls of identify {unknown}
 i - 2 scrolls of enchant weapon {unknown}
 l - 2 scrolls of amnesia {unknown}
 n - 3 scrolls of blinking {unknown}
 p - 4 scrolls of fog {unknown}
 u - a scroll of silence {unknown}
 v - 2 scrolls of enchant armour {unknown}
 w - a scroll of teleportation {unknown}
Potions
 h - a potion of cancellation {unknown}
 j - 2 potions of brilliance {unknown}
 q - 2 potions of mutation {unknown}
 s - a potion of might {unknown}
 t - a potion of flight {unknown}


   Skills:
 + Level 3.1 Fighting
 + Level 2.8 Staves
 - Level 2.4 Dodging
 - Level 2.6 Stealth
 - Level 3.0 Spellcasting
 + Level 3.3 Conjurations
 + Level 4.5 Fire Magic


You had 7 spell levels left.
You knew the following spells:

 Your Spells              Type           Power      Damage    Failure   Level
a - Foxfire               Conj/Fire      92%        2x1d8     3%          1
b - Sticky Flame          Conj/Fire      23%        2d4       34%         4

Your spell library contained the following spells:

 Spells                   Type           Power      Damage    Failure   Level
 Conjure Flame            Conj/Fire      23%        6-21      11%         3
 Pain                     Necr           8%         1d4       17%         1
 Inner Flame              Hex/Fire       15%        N/A       21%         3
 Call Canine Familiar     Summ           2%         N/A       45%         3
 Portal Projectile        Hex/Tloc       4%         N/A       45%         3
 Fireball                 Conj/Fire      11%        3d7       67%         5
 Leda's Liquefaction      Hex/Erth       1%         N/A       86%         4
 Agony                    Necr           2%         N/A       99%         5
 Excruciating Wounds      Necr           1%         N/A       99%         5


Dungeon Overview and Level Annotations

Branches:
Dungeon (5/15)
 Temple: D:4-7

Altars:
Elyvilon
Hepliaklqana
Makhleb
Qazlal

Shops:
D:2 [   D:4 :


Innate Abilities, Weirdness & Mutations

You are small and have problems with some larger weapons.
You are completely attuned to the shadows.


Message History

You hit the gnoll.
You kill the gnoll!
You hit the gnoll.
The gnoll is heavily wounded.
The gnoll hits you with a +2 whip of freezing.
The gnoll freezes you.
Casting: Foxfire (safe; 3% risk of failure)
Confirm with . or Enter, or press ? or * to list all spells.
You feel a surge of power!
You conjure some foxfire!
The gnoll hits you with a +2 whip of freezing.
The gnoll freezes you.
You hit the gnoll.
The gnoll is severely wounded.
The foxfire hits the gnoll.
The gnoll is severely wounded.
The foxfire hits the gnoll but does no damage.
The gnoll is severely wounded.
The gnoll completely misses you.
You hit the gnoll.
The gnoll is almost dead.
The gnoll closely misses you.
You barely miss the gnoll.
The gnoll is almost dead.
The gnoll hits you with a +2 whip of freezing!
* * * LOW HITPOINT WARNING * * *
The gnoll freezes you.
* * * LOW HITPOINT WARNING * * *
You hit the gnoll but do no damage.
The gnoll is almost dead.
The gnoll hits you with a +2 whip of freezing.
* * * LOW HITPOINT WARNING * * *
You hit the gnoll but do no damage.
The gnoll is almost dead.
The gnoll misses you.
You hit the gnoll but do no damage.
The gnoll is almost dead.
The gnoll hits you with a +2 whip of freezing.
* * * LOW HITPOINT WARNING * * *
The gnoll hits you with a +2 whip of freezing.
You die...

#.
#g######
.##.##...
...>##)#
#.)g@#
#.##.#
#..### #
####..#
#.#.....#
#.#.#####
##.......
....<...#
........#


You could see a gnoll.

Vanquished Creatures
  A scorpion (D:5)
  A jelly (D:4)
  A gnoll shaman (D:5)
  3 orc wizards (D:4)
  An iguana (D:4)
  A hound skeleton (D:4)
  10 gnolls
  3 adders
  An adder skeleton (D:4)
  2 dart slugs (D:1)
  9 orcs
  2 ball pythons
  7 bats
  6 endoplasms
  3 giant cockroaches
  9 goblins
  6 hobgoblins
  11 jackals
  3 kobolds
  5 quokkas
  5 frilled lizards (D:1)
  7 rats
97 creatures vanquished.

Vanquished Creatures (collateral kills)
  2 foxfires (D:4)
2 creatures vanquished.

Vanquished Creatures (others)
  255 foxfires
255 creatures vanquished.

Grand Total: 354 creatures vanquished

Notes
Turn   | Place    | Note
-------+----------+-------------------------------------------
     0 | D:1      | jejorda2 the Kobold Fire Elementalist began the quest for
                  | the Orb.
     0 | D:1      | Reached XP level 1. HP: 10/10 MP: 3/3
   113 | D:1      | Reached XP level 2. HP: 11/16 MP: 0/5
   295 | D:1      | Reached skill level 1 in Fighting
   596 | D:1      | Reached XP level 3. HP: 20/20 MP: 4/6
   838 | D:1      | Found a faded altar of an unknown god.
  2487 | D:2      | Reached XP level 4. HP: 25/25 MP: 5/8
  2830 | D:2      | Found Judda's Armour Shoppe.
  3102 | D:3      | Found a stormy altar of Qazlal.
  3624 | D:3      | Found a hazy altar of Hepliaklqana.
  4013 | D:3      | Found a white marble altar of Elyvilon.
  4174 | D:4      | Reached XP level 5. HP: 15/30 MP: 5/9
  4329 | D:4      | Reached skill level 1 in Staves
  4833 | D:4      | Found a burning altar of Makhleb.
  5057 | D:4      | Reached skill level 4 in Fire Magic
  5057 | D:4      | Reached XP level 6. HP: 35/35 MP: 6/10
  5373 | D:4      | Learned a level 4 spell: Sticky Flame
  5762 | D:4      | Found Ruyheck's Book Boutique.
  6068 | D:5      | Entered Level 5 of the Dungeon
  6076 | D:5      | Reached XP level 7. HP: 29/40 MP: 7/11
  6090 | D:5      | HP: 1/40 [orc priest/divine providence (10)]
  6486 | D:5      | Slain by a gnoll

Illustrated notes

Levels and vault maps discovered:
D:1:      roderic_crossed_star, layout_basic,
          shapermc_ecumenical_altar_notcrosses, corexii_corridor_pit
D:2:      layout_basic, serial_shops, shop, serial_bayou_pond_a
D:3:      layout_loops_ring, worldfamousw_hep_ancestral_shrine,
          lemuel_doored_altar, mainiacjoe_overflow_alcove_2
D:4:      layout_loops_ring, mainiacjoe_overflow_small_starburst,
          grunt_ministairs_2, serial_bayou_pond_b,
          minmay_misc_feat_more_columns, nicolae_take_the_stairs
D:5:      layout_basic

Skill      XL: |  1  2  3  4  5  6  7 |
---------------+----------------------+-----
Fighting       | 1 2 3 |  3.1
Conjurations   | 2 3 |  3.3
Spellcasting   | 3 |  3.0
Staves         | 1 2 |  2.8
Fire Magic     | 4 |  4.5
Dodging        | |  2.4
Stealth        | |  2.6

Action                   |  1- 3 |  4- 6 |  7- 9 || total
-------------------------+-------+-------+-------++-------
Melee: Unarmed           |     6 |       |       ||     6
       Dagger            |    10 |       |       ||    10
       Short sword       |    20 |     3 |       ||    23
       Staff             |       |    54 |    19 ||    73
Throw: Dart              |     3 |     5 |       ||     8
 Cast: Foxfire           |    52 |    84 |    19 ||   155
 Stab: Sleeping          |     2 |       |       ||     2
Armor: Robe              |     4 |     5 |     3 ||    12
       Leather armour    |       |    12 |       ||    12
Dodge: Dodged            |    41 |    42 |    25 ||   108
       Repelled          |       |     4 |       ||     4
